 Dungeon Crawl Stone Soup version 0.17-a0-1262-gd250d98 (webtiles) character file.

645 HEYYEYAAE the Gusty (level 7, -1/50 HPs)
             Began as a Human Air Elementalist on June 6, 2015.
             Was an Initiate of Vehumet.
             Succumbed to a worker ant's poison
             ... on level 5 of the Dungeon.
             The game lasted 00:09:53 (3158 turns).

HEYYEYAAE the Gusty (Human Air Elementalist)        Turns: 3158, Time: 00:09:53

Health: -1/50      AC:  2    Str:  8    XL:     7   Next: 82%
Magic:  5/11       EV: 13    Int: 16    God:    Vehumet [......]
Gold:   279        SH:  0    Dex: 13    Spells: 4 memorised, 3 levels left

rFire  . . .     SeeInvis .     i - +0 mace
rCold  . . .     Clarity  .     a - +0 robe
rNeg   . . .     SustAt   .     (no shield)
rPois  .         Gourm    .     (no helmet)
rElec  .         Spirit   .     (no cloak)
rCorr  .         Warding  .     (no gloves)
rMut   .         Stasis   .     (no boots)
MR     .....                    (no amulet)
Stlth  ++........               (no ring)
                                (no ring)

@: lethally poisoned (-1 -> -28), exhausted, very slightly contaminated, slowed,
repel missiles, very slow, not resistant to hostile enchantments, unstealthy
A: claws 1, dopey 1, low mp 1
a: Renounce Religion


You were on level 5 of the Dungeon.
You worshipped Vehumet.
Vehumet was noncommittal.
You were hungry.

You visited 2 branches of the dungeon, and saw 6 of its levels.

You collected 279 gold pieces.

Inventory:

Hand weapons
 i - a +0 mace (weapon)
 n - a +0 war axe
Armour
 a - a +0 robe (worn)
Magical devices
 r - a wand of cold (6)
Scrolls
 d - 3 scrolls of enchant armour {unknown}
 e - 3 scrolls of remove curse
 g - 2 scrolls of identify {unknown}
 m - 2 scrolls of teleportation {unknown}
 o - a scroll of blinking {unknown}
 q - a scroll of immolation {unknown}
Potions
 p - 2 potions of brilliance
Books
 b - a book of Air

   Spells                             Type                      Level
   a - Shock                          Conjuration/Air              1
   b - Swiftness                      Charms/Air                   2
   c - Repel Missiles                 Charms/Air                   2
   d - Static Discharge               Conjuration/Air              3
   e - Lightning Bolt                 Conjuration/Air              5
Comestibles
 c - 5 bread rations
 f - a royal jelly
 h - 2 beef jerkies
 j - 3 meat rations


   Skills:
 + Level 2.2 Fighting
 + Level 2.1 Armour
 + Level 3.1 Dodging
 - Level 2.0 Stealth
 * Level 4.0 Spellcasting
 * Level 3.8 Conjurations
 * Level 4.7 Air Magic


You had 3 spell levels left.
You knew the following spells:

 Your Spells              Type           Power        Failure   Level  Hunger
a - Shock                 Conj/Air       ###.         3%          1    None
b - Static Discharge      Conj/Air       ###.....     12%         3    ###....
c - Repel Missiles        Chrm/Air       ##....       12%         2    ##.....
d - Lightning Bolt        Conj/Air       ###.......   85%         5    ######.


Dungeon Overview and Level Annotations

Branches:
Dungeon (5/15)             Temple (1/1) D:4

Altars:
Ashenzari
Dithmenos
Elyvilon
Fedhas
Kikubaaqudgha
Makhleb
Nemelex Xobeh
Okawaru
Sif Muna
Trog
Vehumet
Xom
Yredelemnul
The Shining One

Annotations:
D:5 1 runed door


Innate Abilities, Weirdness & Mutations

You have sharp fingernails.
You are dopey. (Int -2)
Your magical capacity is low (-10% MP).


Message History

Press: ? - help, Shift-Dir - straight line, f/p - worker ant
Aim: a worker ant (severely wounded)
The zap hits the worker ant.
The worker ant is almost dead.
The zap misses the worker ant.
* * * LOW HITPOINT WARNING * * *
You feel sick. The worker ant bites you.
* * * LOW HITPOINT WARNING * * *
You are more poisoned.
The worker ant poisons you! The worker ant barely misses you.
Casting: Shock
Confirm with . or Enter, or press ? or * to list all spells.
Aiming: Shock
Press: ? - help, Shift-Dir - straight line, f/p - worker ant
Aim: a worker ant (almost dead)
The zap hits the worker ant.
You kill the worker ant!
Vehumet accepts your kill.
The zap misses the worker ant.
You die...

###### #######
#..... .....#
#..... .....#
#....##### #....#
#....#.....#....#
#....+..$†a†@...#
#....#..b..#....#
#...[#######....#
#...............#
#...............#
########'########
.........#......
########...#
########..#


You could see a worker ant.

Vanquished Creatures
  An ice beast (D:4)
  An ogre (D:5)
  A killer bee (D:5)
  A crimson imp (D:5)
  An orc wizard (D:4)
  8 worker ants
  7 adders
  A shadow imp (D:5)
  An ooze (D:2)
  2 worms (D:4)
  5 orcs
  7 giant cockroaches
  7 hobgoblins
  7 kobolds
  3 quokkas
  7 bats
  4 giant geckos
  4 giant newts
  5 goblins
  20 jackals
  8 rats
  A butterfly (D:5)
102 creatures vanquished.

Notes
Turn   | Place    | Note
--------------------------------------------------------------
     0 | D:1      | HEYYEYAAE the Human Air Elementalist began the quest for the Orb.
     0 | D:1      | Reached XP level 1. HP: 13/13 MP: 3/3
    67 | D:1      | Reached XP level 2. HP: 5/19 MP: 0/5
   519 | D:1      | Reached XP level 3. HP: 24/24 MP: 0/6
   742 | D:2      | You fall through a shaft!
   769 | D:3      | Found a shadowy altar of Dithmenos.
   981 | D:3      | HP: 1/24 [hobgoblin/club (2)]
   991 | D:3      | Reached XP level 4. HP: 2/30 MP: 0/8
  1105 | D:3      | Learned a level 3 spell: Static Discharge
  1559 | D:2      | Reached skill level 1 in Armour
  1578 | D:2      | Found a glowing golden altar of the Shining One.
  1795 | D:4      | Reached XP level 5. HP: 24/36 MP: 2/9
  2014 | D:4      | Reached skill level 1 in Fighting
  2109 | D:4      | Noticed an ice beast
  2197 | D:4      | Killed an ice beast
  2197 | D:4      | Reached skill level 4 in Air Magic
  2197 | D:4      | Reached XP level 6. HP: 19/43 MP: 0/11
  2453 | D:4      | Found a staircase to the Ecumenical Temple.
  2593 | Temple   | Entered the Ecumenical Temple
  2644 | Temple   | Became a worshipper of Vehumet
  2681 | D:5      | Entered Level 5 of the Dungeon
  2710 | D:5      | Found a staircase to the Ecumenical Temple.
  2884 | D:5      | Reached XP level 7. HP: 4/49 MP: 0/12
  3063 | D:5      | Learned a level 2 spell: Repel Missiles
  3069 | D:5      | Learned a level 5 spell: Lightning Bolt
  3088 | D:5      | Found a runed door.
  3129 | D:5      | Found a runed door.
  3156 | D:5      | Gained mutation: Your magical capacity is low (-10% MP). [potion of mutation]
  3156 | D:5      | Gained mutation: You have sharp fingernails. [potion of mutation]
  3156 | D:5      | Gained mutation: You are dopey. (Int -2) [potion of mutation]
  3157 | D:5      | HP: 2/50 [worker ant (4)]
  3158 | D:5      | Succumbed to a worker ant's poison

Vault maps used:
D:1:      sevenhm_arrival_forest_fort_large_4, minmay_misc_feat_roman,
          st_stairs_4
D:2:      serial_bayou, serial_bayou_pond_c, serial_bayou_shore_b,
          serial_bayou_pond_b, serial_bayou_lake_a, st_stairs_7, tso_altar
D:3:      nicolae_dithmenos_shadow_blocks, st_stairs_4,
          kennysheep_big_empty_room, uniq_crazy_yiuf_cottage
D:4:      temple_green, first_bread
D:5:      lemuel_insect_pit, minmay_temple_entry_large_hall, serial_shops,
          nicolae_shop_overgrown_old_shop, nicolae_shop_behind_doors,
          nicolae_shop_waterfront, nicolae_shop_behind_doors,
          guppyfry_early_lair_pool, uniq_pikel
Temple:   water_room_temple_a_12

Action                   |  1- 3 |  4- 6 |  7- 9 || total
-------------------------+-------+-------+-------++-------
Melee: Unarmed           |     5 |       |       ||     5
       Whip              |    14 |       |       ||    14
       Mace              |     3 |    66 |    27 ||    96
 Cast: Shock             |    67 |   110 |    14 ||   191
       Static Discharge  |       |     4 |     1 ||     5
       Repel Missiles    |       |       |     1 ||     1
  Use: Potion            |     1 |     5 |     3 ||     9
       Scroll            |       |     1 |       ||     1
 Stab: Sleeping          |       |     1 |       ||     1
       Distracted        |       |       |     1 ||     1
  Eat: Chunk             |     1 |     6 |     2 ||     9
